Map: New Repugnancy LE

Players

LiquidSnute (Snute) - Winner!

  • Race: Zerg Zerg
  • League: Grandmaster
  • Spawn Location: 7:00

InZaNe

  • Race: Terran Terran
  • League: Grandmaster
  • Spawn Location: 1:00

Event: HomeStory Cup XIX

VOD

Have the link to the VOD?

Description

Time

  • Played on: June 27, 2019, 7:29 a.m.
  • Length: 7:07

All games in this series

Show
View Real Time Build Order
Export as new Build Order

LiquidSnute Zerg - Winner!

Build Orders: Hatch First 

Get SALT Encoding   

  12  0:00  Drone  
  13  0:12  Overlord  
  13  0:16  Drone  
  14  0:30  Drone x2  
  14  0:34  Drone  
  17  0:52  Hatchery  
  17  0:55  Drone  
  17  0:58  Drone  
  17  1:01  Extractor  
  17  1:13  Spawning Pool  
  17  1:15  Drone  
  17  1:19  Drone  
  18  1:28  Drone  
  19  1:38  Overlord  
  19  1:49  Drone  
  20  1:59  Queen  
  20  2:00  Zergling x2  
  23  2:03  Metabolic Boost  
  23  2:04  Queen  
  23  2:07  Zergling x2  
  26  2:10  Zergling x2  
  27  2:16  Drone  
  27  2:21  Drone  
  29  2:26  Drone  
  30  2:33  Drone  
  30  2:35  Queen  
  33  2:39  Overlord  
  33  2:44  Overlord  
  33  2:50  Zergling x2  
  34  2:54  Zergling x2  
  35  3:00  Zergling x2  
  36  3:06  Zergling x2  
  36  3:07  Zergling x6  
  40  3:23  Drone, Overlord  
  40  3:24  Drone x3  
  44  3:31  Overlord  
  44  3:32  Overlord  
  44  3:35  Hatchery  
  41  3:43  Overlord  
  41  3:45  Drone x4  
  41  3:48  Drone  
  46  3:54  Drone x4  
  48  4:05  Drone x2  
  48  4:12  Extractor  
  48  4:13  Extractor, Roach Warren, Queen  
  48  4:16  Drone  
  48  4:17  Drone  
  45  4:25  Zergling x12  
  45  4:28  Zergling x2  
  52  4:38  Overlord  
  52  4:47  Queen  
  52  4:49  Zergling x2  
  55  4:53  Roach x5  
  65  5:01  Roach x3  
  69  5:09  Roach x3  
  74  5:16  Zergling x8  
  78  5:22  Zergling x2  
  78  5:27  Zergling x12  
  85  5:28  Zergling x2  
  86  5:41  Zergling x12  
  92  5:52  Zergling x6  
  92  5:53  Baneling Nest, Ravager x2  
  92  5:55  Ravager  
  97  6:02  Zergling x2  
  97  6:07  Overlord x2  
  96  6:18  Zergling x12  
  98  6:24  Zergling x2  
  97  6:25  Overlord  
  94  6:34  Zergling x10  
  94  6:39  Zergling x6  
  90  6:42  Ravager x3  
  85  6:47  Zergling x6  
Show
View Real Time Build Order
Export as new Build Order

InZaNe Terran 

Build Orders: Hellion Opening, Reaper Expand 

Get SALT Encoding   

  12  0:00  SCV  
  13  0:12  SCV  
  14  0:17  Supply Depot  
  14  0:24  SCV  
  15  0:38  SCV  
  15  0:39  Barracks  
  16  0:43  Refinery  
  16  0:50  SCV  
  17  1:02  SCV  
  18  1:14  SCV  
  19  1:26  Reaper  
  19  1:27  Orbital Command  
  20  1:42  Command Center  
  20  1:53  Supply Depot  
  20  1:54  SCV  
  21  1:58  Marine  
  22  2:06  SCV  
  23  2:11  Factory  
  23  2:18  SCV  
  23  2:20  Barracks Reactor  
  24  2:30  SCV  
  25  2:42  SCV  
  26  2:54  Orbital Command, SCV  
  26  2:55  Command Center  
  27  3:03  Barracks Tech Lab  
  27  3:04  Hellion  
  29  3:09  Hellion  
  32  3:12  SCV  
  32  3:20  SCV  
  32  3:25  Marine, SCV  
  32  3:26  Hellion  
  32  3:27  Stimpack  
  37  3:31  Hellion  
  39  3:42  SCV x2  
  39  3:45  Marine  
  42  3:49  Hellion  
  42  3:53  Hellion  
  42  3:54  SCV  
  46  3:56  SCV  
  43  4:03  Marine  
  43  4:06  SCV  
  43  4:08  SCV  
  41  4:11  Hellion  
  42  4:17  Hellion  
  42  4:18  SCV  
  42  4:20  SCV  
  42  4:23  Orbital Command  
  44  4:27  Marine  
  45  4:33  Hellion  
  45  4:35  SCV  
  50  4:38  SCV, Hellion  
  53  4:45  Marauder  
  53  4:48  SCV  
  53  4:50  SCV  
  53  4:51  SCV  
  56  4:56  Supply Depot  
  56  5:00  SCV  
  56  5:03  Supply Depot  
  57  5:09  SCV  
  57  5:12  Factory Reactor, Marine  
  57  5:13  Barracks  
  57  5:14  SCV x2  
  58  5:15  Barracks  
  58  5:21  Engineering Bay, SCV  
  59  5:26  Refinery, Engineering Bay, SCV  
  59  5:27  Refinery, SCV  
  61  5:33  SCV  
  58  5:36  Bunker  
  58  5:37  Bunker  
  58  5:38  SCV  
  58  5:42  Siege Tank, Bunker, Barracks Tech Lab  
  62  5:44  SCV  
  62  5:45  SCV  
  64  5:50  Refinery  
  61  5:57  Supply Depot  
  61  5:58  Supply Depot  
  60  6:05  Marauder, Marine x2, Barracks Tech Lab  
  51  6:22  SCV x3  
  49  6:29  Marauder, Marine x2  
  37  6:34  SCV  
  37  6:39  Marauder  
  34  6:43  SCV  
  34  6:46  Marine  
Tags
 
Add a new tag
Caveats
  • Supply blocks, unpowered buildings, or Contaminate may cause inaccurate times.
  • Supply counts are checked every 10 seconds.